AoeStats
← Ben

Nomad

514144308Analyzed
1v1 RM · 2d ago on Oct 16, 2026· 57m 20s· 2 players
Game mode
Random Map
Map size
126×126
Population
200
Speed
Normal
Resources
Standard
Victory
Conquest
Starting age
Dark Age
Ending age
Imperial Age
RankedLock teamsTeams togetherTeam positionsShared explorationLock speedFull tech treeHidden civsTurbo modeCheats
Victory
Defeat
🇩🇪 Spanish · Germany
749
+15
vs
🇬🇧 Magyars · United Kingdom
725
-15
Ben
14:42 Feudal Age
13:00 Loom
16:28 Horse Collar
17:40 Double-Bit Axe
19:44 Bloodlines
19:44 Scale Barding Armor
20:40 Bloodlines
26:19 Castle Age
26:31 Elite Skirmisher
27:14 Fletching
27:54 Bodkin Arrow
28:39 Padded Archer Armor
34:14 Leather Archer Armor
50:17 Ballistics
niklas
4:56 Loom
16:23 Feudal Age
21:31 Castle Age
20:09 Fishing Lines
22:24 Wheelbarrow
24:07 Hand Cart
29:15 Pikeman
31:53 Double-Bit Axe
40:56 Husbandry
41:06 Bloodlines
48:38 Gillnets
48:55 Scale Barding Armor
49:01 Forging
50:05 Bow Saw
51:29 Chain Barding Armor
51:08 Horse Collar
52:18 Squires
Connection lost

Rejoining the realm…

Still unreachable

The connection could not be restored.

Session expired

The server has moved on; the page needs a fresh start.